 Dungeon Sprint DCSS version 0.23-a0-677-g07611c5 (webtiles) character file.

48 sauken the Skirmisher (level 3, 0/37 HPs)
             Began as a Naga Berserker on Jan 9, 2019.
             Was a Follower of Trog.
             Succumbed to a worker ant's poison
             ... in the Dungeon (Sprint II: "The Violet Keep of Menkaure").
             The game lasted 00:00:10 (15 turns).

sauken the Skirmisher (Naga Berserker)                Turns: 15, Time: 00:00:10

Health: 0/37       AC:  2    Str: 19    XL:     3   Next: 72%
Magic:  3/3        EV: 11    Int:  7    God:    Trog [*.....]
Gold:   0          SH:  0    Dex: 11    Spells: 2/2 levels left

rFire    . . .     SeeInvis +   a - +0 mace
rCold    . . .     Gourm    .   (no shield)
rNeg     . . .     Faith    .   b - +0 animal skin
rPois    +         Spirit   .   (no helmet)
rElec    .         Reflect  .   (no cloak)
rCorr    .         Harm     .   (no gloves)
MR       .....     NoTele   +   (no barding)
Stlth    +.........             (no amulet)
HPRegen  0.12/turn              (no ring)
MPRegen  0.08/turn              (no ring)

@: lethally poisoned (0 -> -7), berserk cooldown, slowed, very slow
A: large, see invisible, deformed body, poison resistance, slowness 2, slow
metabolism 1, spit poison 1, AC +1
a: Spit Poison, Berserk, Renounce Religion


You were in the Dungeon.
You worshipped Trog.
Trog was aware of your devotion.
You were not hungry.

You visited 1 branch

Inventory:

Hand Weapons
 a - a +0 mace (weapon)
Armour
 b - a +0 animal skin (worn)
Scrolls
 i - a scroll of blinking {!r}
Potions
 d - a potion of curing
 e - a potion of heal wounds
 f - a potion of haste
 g - 2 potions of magic
 h - a potion of berserk rage {!q}
Comestibles
 c - a ration


   Skills:
 + Level 4.5 Fighting
 + Level 4.5 Maces & Flails
 + Level 3.2 Armour
 + Level 3.2 Dodging


You had 2 spell levels left.
You didn't know any spells.
Your spell library was empty.

Dungeon Overview and Level Annotations

Branches:
Dungeon (1/1)

Altars:


Innate Abilities, Weirdness & Mutations

You cannot wear boots.
Your serpentine skin is tough. (AC +1)
You have supernaturally acute eyesight. (SInv)
Armour fits poorly on your strangely shaped body.
Your system is resistant to poisons. (rPois)
You cover ground very slowly.
You have a slow metabolism.
You can spit poison.


Message History

Welcome, sauken the Naga Berserker.
Trog says: Kill them all!
Found a staircase leading out of the dungeon.
Unknown command.
You open the door. 2 worker ants come into view.
A red film seems to cover your vision as you go berserk!
You feel yourself moving faster!
You feel mighty!
You feel quite a bit more hungry.
You now have 31/31 hp.
You closely miss the worker ant.
The worker ant bites you but does no damage.
You barely miss the worker ant. The worker ant bites you!
You are poisoned.
The worker ant poisons you!
You take 7 damage, and have 24/31 hp.
MASSIVE DAMAGE!!
You closely miss the worker ant.
You feel sick. The worker ant bites you.
You take 2 damage, and have 22/31 hp.
Unknown command.
You sock the worker ant! The worker ant bites you.
You take 6 damage, and have 16/31 hp.
Unknown command.
You barely miss the worker ant.
You feel sick. The worker ant bites you.
You take 6 damage, and have 10/31 hp.
Unknown command.
You hit the worker ant but do no damage.
The worker ant bites you.
* * * LOW HITPOINT WARNING * * *
You take 2 damage, and have 8/31 hp.
Unknown command.
You thump the worker ant!
You kill the worker ant!
Trog accepts your kill.
Your Fighting skill increases to level 4!
Your Maces & Flails skill increases to level 4!
Your Armour skill increases to level 2!
Your Dodging skill increases to level 2!
You have reached level 2!
You have reached level 3!
Your experience leads to an increase in your attributes!
Your base attributes are Str 19, Int 7, Dex 10.
Increase (S)trength, (I)ntelligence, or (D)exterity?
You feel agile.
Your skin feels tougher.
You regained 7 hp, and now have 15/54 hp.
MP restored: 3 Unknown command.
Unknown command.
Okay, then.
You hit the worker ant.
You feel sick. The worker ant bites you!
* * * LOW HITPOINT WARNING * * *
You are lethally poisoned!
The worker ant poisons you!
You take 8 damage, and have 7/54 hp.
You closely miss the worker ant. The worker ant bites you.
* * * LOW HITPOINT WARNING * * *
You take 4 damage, and have 3/54 hp.
You thump the worker ant!
You kill the worker ant!
Trog accepts your kill.
Your Armour skill increases to level 3!
Your Dodging skill increases to level 3!
* * * LOW HITPOINT WARNING * * *
You feel sick.
You take 1 damage, and have 2/55 hp.
Unknown command.
* * * LOW HITPOINT WARNING * * *
You feel sick.
There is an open door here.
You see here a worker ant corpse.
Unknown command.
You feel a strong urge to attack something. 2 worker ants come into view.
The worker ant twitches its antennae in your direction. x2
You see here 243 gold pieces.
Unknown command.
You are too berserk!
You are no longer berserk.
You are exhausted.
You feel yourself slow down.
You die...

## ##.
#+#
#.a###.##
#$@.<.+
#.a###.##
##. #+#
##


You could see 2 worker ants.

Vanquished Creatures
  2 worker ants (D)
2 creatures vanquished.

Notes
Turn   | Place    | Note
-------+----------+-------------------------------------------
     0 | D        | sauken the Naga Berserker began the quest for the Orb.
     0 | D        | Reached XP level 1. HP: 21/21 MP: 1/1
     1 | D        | Noticed a worker ant
     1 | D        | Noticed a worker ant
     9 | D        | Killed a worker ant
     9 | D        | Reached skill level 4 in Fighting
     9 | D        | Reached skill level 4 in Maces & Flails
     9 | D        | Reached skill level 2 in Armour
     9 | D        | Reached skill level 2 in Dodging
     9 | D        | Reached XP level 2. HP: 12/30 MP: 2/2
     9 | D        | Reached XP level 3. HP: 15/36 MP: 3/3
    10 | D        | HP: 7/54 [worker ant (7)]
    11 | D        | HP: 3/54 [worker ant (4)]
    12 | D        | Reached skill level 3 in Armour
    12 | D        | Reached skill level 3 in Dodging
    15 | D        | Succumbed to a worker ant's poison

Vault maps used:
D:        the_violet_keep_of_menkaure

Skill      XL: |  1  2  3 |
---------------+----------+-----
Fighting       | 4 |  4.5
Maces & Flails | 4 |  4.5
Armour         | 2 3 |  3.2
Dodging        | 2 3 |  3.2

Action                   || total
-------------------------++-------
Melee: Mace              ||    10
Invok: Berserk           ||     1
Armor: Animal skin       ||     1

Table legend:
 A = Non-vault XP
 B = Vault XP
 C = Vault XP percentage of total XP
 D = Non-vault monster count
 E = Vault monster count
 F = Vault count percentage of total count
                 A         B        C        D         E       F
            +---------+---------+-------+---------+---------+-------
      Total |       0 |      69 | 100.0 |       0 |       2 | 100.0
            +---------+---------+-------+---------+---------+-------
          D |       0 |      69 | 100.0 |       0 |       2 | 100.0
            +---------+---------+-------+---------+---------+-------

Vault maps used:
D:        the_violet_keep_of_menkaure

Table legend:
 A = Turns spent in this place as a percentage of turns spent in the entire game.
 B = Non-inter-level travel turns spent in this place as a percentage of non-inter-level travel turns spent in the entire game.
 C = Inter-level travel turns spent in this place as a percentage of turns spent in this place.
 D = Turns resting spent in this place as a percentage of non-inter-level travel turns spent in this place.
 E = Turns spent auto-exploring this place as a percentage of non-inter-level travel turns spent in this place.
 F = Non-inter-level travel turns spent in this place divided by the number of levels of this place that you've seen.
                   A       B       C       D       E      F
               +-------+-------+-------+-------+-------+----------------------
         Total | 100.0 | 100.0 |   0.0 |   0.0 |   0.0 |  15.0
       Dungeon | 100.0 | 100.0 |   0.0 |   0.0 |   0.0 |  15.0
               +-------+-------+-------+-------+-------+----------------------

Table legend:
 A = Kills in this place as a percentage of kills in entire the game.
 B = Kills by you in this place as a percentage of kills by you in the entire game.
 C = Kills by friends in this place as a percentage of kills by friends in the entire game.
 D = Other kills in this place as a percentage of other kills in the entire game.
 E = Experience gained in this place as a percentage of experience gained in the entire game.
 F = Experience gained in this place divided by the number of levels of this place that you have seen.
                   A       B       C       D       E      F
               +-------+-------+-------+-------+-------+----------------------
         Total | 100.0 | 100.0 |   N/A |   N/A | 100.0 |  69.0
       Dungeon | 100.0 | 100.0 |   N/A |   N/A | 100.0 |  69.0
               +-------+-------+-------+-------+-------+----------------------
